 Dungeon Crawl Stone Soup version 0.18-a0-1045-g4e042de (webtiles) character file.

83 Ijustatesigmund the Skirmisher (level 4, -10/37 HPs)
             Began as a Demonspawn Abyssal Knight on Jan 11, 2016.
             Was a Believer of Lugonu.
             Killed from afar by an orc (20 damage)
             ... with a wand of cold
             ... on level 3 of the Dungeon.
             The game lasted 00:04:44 (1888 turns).

Ijustatesigmund the Skirmisher (DsAK)               Turns: 1888, Time: 00:04:44

Health: -10/37     AC:  3    Str: 12    XL:     4   Next: 22%
Magic:  6/6        EV: 16    Int: 13    God:    Lugonu [**....]
Gold:   38         SH:  0    Dex: 14    Spells: 0 memorised, 3 levels left

rFire  . . .     SeeInvis .     a - +2 mace
rCold  . . .     Gourm    .     b - +0 leather armour
rNeg   . . .     Faith    .     (no shield)
rPois  .         Spirit   .     (no helmet)
rElec  .         Dismiss  .     (no cloak)
rCorr  .         Reflect  .     (no gloves)
SustAt .         Harm     .     (no boots)
MR     .....                    (no amulet)
Stlth  +.........               (no ring)
                                f - +3 ring of evasion

@: very slightly contaminated, hasted, very quick, not resistant to hostile
enchantments, very unstealthy
A: repulsion field 1, demonic guardian 2
a: Depart the Abyss, Bend Space, Renounce Religion


You were on level 3 of the Dungeon.
You worshipped Lugonu.
Lugonu was pleased with you.
You were not hungry.

You visited 1 branch of the dungeon, and saw 3 of its levels.
You visited the Abyss 1 time.

You collected 38 gold pieces.

Inventory:

Hand Weapons
 a - a +2 mace (weapon)
Armour
 b - a +0 leather armour (worn)
Jewellery
 f - a +3 ring of evasion (left hand)
Scrolls
 d - a scroll of enchant weapon
 e - a scroll of fear
 i - 3 scrolls of identify
 k - a scroll of random uselessness
 n - a scroll of magic mapping {unknown}
Potions
 g - 3 potions of curing
 j - a potion of heal wounds {unknown}
 o - a potion of poison {unknown}
 q - a potion of lignification {unknown}
Comestibles
 c - 2 bread rations
 l - 3 meat rations
 m - a beef jerky
 p - a royal jelly


   Skills:
 + Level 3.7 Fighting
 * Level 3.1 Maces & Flails
 - Level 1.7 Armour
 - Level 0.8 Dodging
 + Level 3.4 Invocations


You had 3 spell levels left.
You didn't know any spells.

Dungeon Overview and Level Annotations

Branches:
Dungeon (3/15)

Altars:

Annotations:
D:2 Sigmund


Innate Abilities, Weirdness & Mutations

You are surrounded by a mild repulsion field (EV +2).
A demonic guardian rushes to your aid.


Message History

The orc closely misses you.
The orc zaps a wand.
The bolt of cold hits you!
Ouch! That really hurt!
* * * LOW HITPOINT WARNING * * *
You are too injured to fight recklessly!
You are too injured to fight recklessly!
You are too injured to fight recklessly!
You are too injured to fight recklessly!
You are too injured to fight recklessly!
You are too injured to fight recklessly!
You are too injured to fight recklessly!
You are too injured to fight recklessly!
You are too injured to fight recklessly!
Drink which item? (? for menu, Esc to quit)
You feel yourself speed up.
The orc zaps a wand.
The bolt of cold misses you.
You are very lightly contaminated with residual magic.
You hit the orc but do no damage.
The orc is lightly wounded.
The orc zaps a wand.
The bolt of cold hits you!
Ouch! That really hurt!
You die...

...#
########.######.
.. ...+ #.# ..#
...# # #.# ...#
#. #.# ####
##..###.#
......#.#
......).#
......#)# ####.
#@# # #o# #..
#.## ... ..# ..#
#..#


You could see an orc.

Vanquished Creatures
  A worker ant (D:3)
  3 worms
  2 orcs (D:3)
  3 giant cockroaches (D:1)
  7 goblins
  7 hobgoblins
  2 jackals (D:2)
  A ball python (D:2)
  4 bats
  3 giant newts (D:1)
  6 kobolds
  8 rats
47 creatures vanquished.

Vanquished Creatures (others)
  An orc (D:3)
1 creature vanquished.

Grand Total: 48 creatures vanquished

Notes
Turn   | Place    | Note
--------------------------------------------------------------
     0 | Abyss:1  | Ijustatesigmund the Demonspawn Abyssal Knight began the quest for the Orb.
     0 | Abyss:1  | Reached XP level 1. HP: 18/18 MP: 2/2
    23 | D:1      | Escaped the Abyss
   407 | D:1      | Gained mutation: You are surrounded by a mild repulsion field (EV +2). [demonic ancestry]
   407 | D:1      | Reached XP level 2. HP: 24/24 MP: 3/3
   896 | D:1      | Reached ** piety under Lugonu
  1007 | D:2      | Gained mutation: A weak demonic guardian rushes to your aid. [demonic ancestry]
  1007 | D:2      | Reached XP level 3. HP: 26/29 MP: 5/5
  1476 | D:2      | Noticed Sigmund
  1560 | D:3      | Gained mutation: A demonic guardian rushes to your aid. [demonic ancestry]
  1560 | D:3      | Reached XP level 4. HP: 35/35 MP: 6/6
  1888 | D:3      | Killed from afar by an orc

Vault maps used:
D:1:      dpeg_chamrin_arrival_tetris, moated_statue
D:2:      uniq_sigmund, uniq_iyjb
D:3:      marbit_many_paths, nicolae_overflow_crystal_walls,
          grunt_gozag_statues, kennysheep_vampire_church, first_bread,
          kennysheep_cross_room

Action                   |  1- 3 |  4- 6 || total
-------------------------+-------+-------++-------
Melee: Mace              |   103 |    30 ||   133
  Use: Scroll            |    12 |       ||    12
       Potion            |       |     1 ||     1
 Stab: Sleeping          |     1 |       ||     1
  Eat: Chunk             |     1 |     2 ||     3
